 Dungeon Crawl Stone Soup version 0.17-a0-1942-g46ae386 (webtiles) character file.

107 mcbry74 the Spear-Bearer (level 4, 0/39 HPs)
             Began as a Merfolk Chaos Knight on Sept 30, 2015.
             Succumbed to an adder's poison
             ... on level 2 of the Dungeon.
             The game lasted 00:11:08 (1141 turns).

mcbry74 the Spear-Bearer (Merfolk Chaos Knight)     Turns: 1141, Time: 00:11:08

Health: 0/39       AC:  7    Str: 12      XL:     4   Next: 86%
Magic:  3/7        EV: 14    Int: 11 (12) God:    Xom [.....*]
Gold:   41         SH:  0    Dex: 13      Spells: 0 memorised, 8 levels left

rFire  . . .     SeeInvis .     l - -3 spear (curse)
rCold  . . .     Clarity  .     b - +2 leather armour
rNeg   + . .     SustAt   .     (no shield)
rPois  .         Gourm    .     (no helmet)
rElec  .         Spirit   .     (no cloak)
rCorr  .         Warding  .     (no gloves)
rMut   .         Stasis   .     g - +1 pair of boots
MR     .....                    (no amulet)
Stlth  +.........               (no ring)
                                i - ring of positive energy

@: lethally poisoned (0 -> -9), not resistant to hostile enchantments, very
unstealthy
A: change form in water, swift swim
a: Renounce Religion


You were on level 2 of the Dungeon.
You worshipped Xom.
You were Xom's teddy bear.
You were not hungry.

You visited 1 branch of the dungeon, and saw 2 of its levels.

You collected 41 gold pieces.

Inventory:

Hand weapons
 a - a +0 spear of chaos
 l - a cursed -3 spear (weapon)
Armour
 b - a +2 leather armour (worn)
 g - a +1 pair of boots (worn)
Jewellery
 i - a ring of positive energy (left hand)
Magical devices
 m - a wand of hasting (9)
Potions
 e - a potion of cancellation {unknown}
 h - a potion of ambrosia {unknown}
Comestibles
 c - 2 bread rations
 j - 2 meat rations


   Skills:
 + Level 5.1 Fighting
 * Level 8.5 Polearms
 * Level 4.7 Throwing
 + Level 2.5 Armour
 + Level 5.3 Dodging
 + Level 3.3 Unarmed Combat
 + Level 2.6 Spellcasting
 + Level 2.9 Evocations


You had 8 spell levels left.
You didn't know any spells.

Dungeon Overview and Level Annotations

Branches:
Dungeon (2/15)

Altars:


Message History

* * * LOW HITPOINT WARNING * * *
You feel sick. The adder misses you.
You hit the adder.
You kill the adder!
Your Armour skill increases to level 1!
* * * LOW HITPOINT WARNING * * *
You feel sick.
Drink which item? (? for menu, Esc to quit)
It was a potion of experience.
You feel more experienced!
Your Fighting skill gained 2 levels and is now at level 5!
Your Polearms skill gained 3 levels and is now at level 8!
Your Throwing skill gained 3 levels and is now at level 4!
Your Armour skill increases to level 2!
Your Dodging skill gained 2 levels and is now at level 5!
Your Unarmed Combat skill gained 3 levels and is now at level 3!
Your Spellcasting skill gained 2 levels and is now at level 2!
Your Evocations skill gained 2 levels and is now at level 2!
You have reached level 4!
You die...
Xom laughs nastily!

#.#.####...#####..#.#.##
#.
#.#...))...#####.....###
#.
#.#####...#...........##
#. ##.##
##..#......#....## #.
##.####..#<.##.###.....
#.## ##......#..##.#
#...#. #.##
##.###.#....##.###...#.
#..###.##
#§#.#.###.......#> ###
#.#.#.## #@#.#.#
######..#. ..# #.##.##
#§#.#.# #..#.
#.####.####
#.#.#.########..#.
#<.....#
#.#.#.#...........
#.######
................## ..#
.###........##.### ### .
#.........#.### # ..
#.............. #
#.........#####


There were no monsters in sight!

Vanquished Creatures
  2 adders (D:2)
  A worm (D:2)
  2 giant cockroaches (D:1)
  3 hobgoblins
  5 jackals (D:1)
  A quokka (D:2)
  5 bats
  2 giant newts (D:1)
  4 goblins
  5 kobolds
  2 rats (D:1)
32 creatures vanquished.

Notes
Turn   | Place    | Note
--------------------------------------------------------------
     0 | D:1      | mcbry74 the Merfolk Chaos Knight began the quest for the Orb.
     0 | D:1      | Reached XP level 1. HP: 18/18 MP: 1/1
    13 | D:1      | XOM: harmless Hex miscast
   152 | D:1      | Reached XP level 2. HP: 22/24 MP: 2/2
   202 | D:1      | XOM: harmless Ice miscast
   339 | D:1      | Reached skill level 5 in Polearms
   603 | D:1      | Reached XP level 3. HP: 29/29 MP: 3/3
   743 | D:2      | XOM: silly message
   744 | D:2      | Reached skill level 1 in Throwing
   779 | D:2      | XOM: summons 1 hostile demon
   948 | D:2      | XOM: stat loss: -1 Int (11/12)
  1128 | D:2      | XOM: smoke on damage
  1139 | D:2      | Reached skill level 1 in Armour
  1139 | D:2      | HP: 1/30 [poisoned by an adder]
  1141 | D:2      | Reached skill level 5 in Fighting
  1141 | D:2      | Reached skill level 8 in Polearms
  1141 | D:2      | Reached skill level 5 in Dodging
  1141 | D:2      | Reached XP level 4. HP: 1/39 MP: 3/7
  1141 | D:2      | Succumbed to an adder's poison

Vault maps used:
D:1:      roderic_crop_circles_arrival_large
D:2:      uniq_crazy_yiuf_cottage

Action                   |  1- 3 |  4- 6 || total
-------------------------+-------+-------++-------
Melee: Spear             |   151 |       ||   151
Throw: Throwing net      |     1 |       ||     1
  Use: Scroll            |     4 |       ||     4
       Potion            |     1 |       ||     1
 Stab: Paralysed         |    10 |       ||    10
       Sleeping          |     1 |       ||     1
       Petrifying        |     1 |       ||     1
  Eat: Chunk             |     1 |       ||     1
